General information
- name: BNet
- type: Ladder team game (AT/RT)
- host: Battle.net
- saver: USinlaw
map: FullScaleAssault
- players: 8
- length: 104:28
- speed: Fast
- version: 1.26 W3XP
- replay type: Public
» download(581 KB)
Players
team 1 (winner)

»
0ttawaSenators (
teal | 16 APM | 1514 actions | 95:15)
6 Dreadlord
2 Sleep
3 Vampiric Aura
1 Inferno
3 Lich
2 Frost Nova
1 Frost Armor
» actions
| Basic commands | 2 | |
| Build / train | 77 | |
| Enter build submenu | 28 | |
| Enter hero's abilities submenu | 10 | |
| Give item / drop item | 3 | |
| Remove unit from queue | 1 | |
| Right click | 736 | |
| Select / deselect | 577 | |
| Use ability | 80 | |
1514 total
» units
| Acolyte | 13 | |
| Ghoul | 2 | |
| Crypt Fiend | 22 | |
| Frost Wyrm | 6 | |
| Goblin Zeppelin | 1 | |
44 total
» upgrades
| Creature Attack | 3 | |
| Creature Carapace | 3 | |
| Web | 1 | |
7 total
» buildings
| Crypt | 2 | |
| Altar of Darkness | 1 | |
| Ziggurat | 8 | |
| Graveyard | 1 | |
| Tomb of Relics | 1 | |
| Spirit Tower | 1 | |
| Nerubian Tower | 1 | |
| Halls of the Dead | 1 | |
| Black Citadel | 1 | |
| Sacrificial Pit | 1 | |
| Boneyard | 2 | |
| Necropolis | 2 | |
22 total
» build order
01:19 Crypt
01:21 Altar of Darkness
01:38 Ziggurat
01:59 Graveyard
02:20 Crypt
02:38 Ziggurat
03:09 Ziggurat
03:27 Tomb of Relics
04:02 Spirit Tower
04:05 Nerubian Tower
05:43 Halls of the Dead
07:06 Ziggurat
07:49 Ziggurat
12:18 Black Citadel
13:03 Ziggurat
14:01 Sacrificial Pit
21:39 Boneyard
24:39 Boneyard
27:06 Ziggurat
27:39 Ziggurat
52:52 Necropolis
56:19 Necropolis
» items
| Periapt of Vitality | 4 | |
| Scroll of Town Portal | 2 | |
| Boots of Speed | 2 | |
| Scroll of Protection | 1 | |
| Scroll of Regeneration | 1 | |
10 total
bookstatus (
green | 66 APM | 6877 actions | 104:27)
7 Pit Lord
3 Rain of Fire
3 Cleaving Attack
1 Doom
6 Blood Mage
3 Flame Strike
2 Siphon Mana
1 Summon Phoenix
6 Pandaren Brewmaster
3 Breath of Fire
2 Drunken Brawler
1 Storm Earth and Fire
» actions
| Assign group hotkey | 61 | |
| Basic commands | 94 | |
| Build / train | 193 | |
| Enter build submenu | 57 | |
| Enter hero's abilities submenu | 19 | |
| Give item / drop item | 19 | |
| Right click | 3814 | |
| Select / deselect | 1192 | |
| Select group hotkey | 739 | |
| Use ability | 688 | |
6877 total
» units
| Peasant | 24 | |
| Goblin Zeppelin | 5 | |
| Goblin Shredder | 9 | |
| Siege Engine | 3 | |
| Sorceress | 1 | |
| Flying Machine | 5 | |
| Gryphon Rider | 10 | |
57 total
» upgrades
| Masonry | 3 | |
| Lumber Harvesting | 2 | |
| Magic Sentry | 1 | |
| Flak Cannons | 1 | |
| Barrage | 1 | |
| Fragmentation Shards | 1 | |
| Gunpowder | 1 | |
| Plating | 1 | |
| Sorceress Training | 1 | |
| Swords | 2 | |
| Armor | 2 | |
| Storm Hammers | 1 | |
17 total
» buildings
| Altar of Kings | 1 | |
| Farm | 14 | |
| Lumber Mill | 1 | |
| Arcane Vault | 3 | |
| Town Hall | 2 | |
| Scout Tower | 127 | |
| Guard Tower | 28 | |
| Keep | 2 | |
| Castle | 2 | |
| Blacksmith | 2 | |
| Arcane Sanctum | 1 | |
| Gryphon Aviary | 7 | |
| Workshop | 1 | |
191 total
» build order
00:10 Altar of Kings
00:17 Farm
00:57 Lumber Mill
01:42 Farm
01:49 Arcane Vault
01:57 Arcane Vault
03:17 Farm
03:20 Farm
04:10 Town Hall
04:13 Scout Tower
04:13 Scout Tower
04:14 Scout Tower
04:15 Scout Tower
04:17 Scout Tower
04:17 Scout Tower
05:14 Guard Tower
05:17 Scout Tower
05:17 Scout Tower
05:18 Scout Tower
05:53 Guard Tower
06:44 Scout Tower
06:44 Scout Tower
06:45 Scout Tower
06:46 Scout Tower
06:46 Scout Tower
06:47 Scout Tower
07:01 Scout Tower
07:02 Scout Tower
07:04 Scout Tower
07:04 Scout Tower
07:05 Scout Tower
07:07 Scout Tower
07:10 Scout Tower
07:11 Scout Tower
07:12 Scout Tower
07:14 Scout Tower
07:15 Scout Tower
07:28 Guard Tower
07:35 Keep
07:36 Keep
07:41 Guard Tower
07:41 Guard Tower
08:00 Guard Tower
08:00 Guard Tower
08:01 Guard Tower
08:28 Guard Tower
08:51 Arcane Vault
08:54 Guard Tower
10:02 Castle
10:02 Castle
10:26 Guard Tower
10:27 Guard Tower
10:38 Scout Tower
10:38 Scout Tower
10:39 Scout Tower
10:39 Scout Tower
10:41 Scout Tower
10:41 Scout Tower
11:17 Guard Tower
11:21 Blacksmith
11:24 Arcane Sanctum
11:27 Gryphon Aviary
11:45 Guard Tower
11:51 Blacksmith
12:22 Scout Tower
12:22 Scout Tower
12:23 Scout Tower
12:23 Scout Tower
12:24 Scout Tower
12:24 Scout Tower
12:26 Scout Tower
12:30 Scout Tower
12:30 Scout Tower
12:30 Scout Tower
12:30 Scout Tower
12:31 Scout Tower
12:35 Scout Tower
12:35 Scout Tower
12:36 Scout Tower
12:36 Scout Tower
12:36 Scout Tower
12:37 Scout Tower
12:37 Scout Tower
12:38 Scout Tower
12:38 Scout Tower
12:39 Scout Tower
12:39 Scout Tower
12:39 Scout Tower
12:40 Scout Tower
12:41 Scout Tower
12:45 Guard Tower
12:52 Workshop
13:43 Farm
13:48 Farm
13:49 Farm
16:01 Guard Tower
16:03 Guard Tower
16:03 Guard Tower
16:06 Scout Tower
16:07 Scout Tower
16:07 Scout Tower
16:07 Scout Tower
16:07 Scout Tower
16:08 Scout Tower
16:08 Scout Tower
16:09 Scout Tower
16:09 Scout Tower
16:10 Scout Tower
16:15 Guard Tower
16:57 Guard Tower
17:30 Guard Tower
17:30 Guard Tower
18:36 Scout Tower
18:37 Scout Tower
18:37 Scout Tower
18:41 Town Hall
18:43 Scout Tower
18:44 Scout Tower
18:44 Scout Tower
18:45 Scout Tower
18:45 Scout Tower
18:46 Scout Tower
18:47 Scout Tower
18:47 Scout Tower
18:49 Scout Tower
18:50 Scout Tower
18:51 Scout Tower
18:52 Scout Tower
18:53 Scout Tower
18:54 Scout Tower
18:54 Scout Tower
18:55 Scout Tower
18:56 Scout Tower
18:57 Scout Tower
18:58 Scout Tower
18:58 Scout Tower
19:01 Scout Tower
19:26 Farm
19:26 Farm
19:26 Farm
19:27 Farm
19:28 Farm
19:28 Farm
21:08 Guard Tower
21:09 Guard Tower
23:35 Guard Tower
25:19 Scout Tower
25:20 Scout Tower
25:22 Scout Tower
25:22 Scout Tower
25:23 Scout Tower
25:23 Scout Tower
25:24 Scout Tower
25:24 Scout Tower
25:24 Scout Tower
25:25 Scout Tower
25:26 Scout Tower
25:26 Scout Tower
25:26 Scout Tower
25:26 Scout Tower
25:27 Scout Tower
25:27 Scout Tower
54:13 Gryphon Aviary
54:27 Gryphon Aviary
54:28 Gryphon Aviary
54:29 Gryphon Aviary
54:31 Gryphon Aviary
54:32 Gryphon Aviary
» items
| Boots of Speed | 7 | |
| Staff of Teleportation | 5 | |
| Potion of Invisibility | 2 | |
| Lesser Clarity Potion | 16 | |
| Orb of Corruption | 1 | |
| Scroll of Regeneration | 7 | |
| Staff of Sanctuary | 3 | |
| Potion of Healing | 2 | |
| Orb of Fire | 1 | |
| Potion of Mana | 2 | |
| Scroll of Town Portal | 5 | |
51 total
USinlaw (
red | 62 APM | 6457 actions | 104:28)
7 Archmage
3 Blizzard
3 Brilliance Aura
1 Mass Teleport
7 Pit Lord
3 Rain of Fire
3 Cleaving Attack
1 Doom
7 Pandaren Brewmaster
3 Breath of Fire
3 Drunken Brawler
1 Storm Earth and Fire
1 Lich
1 Death and Decay
» actions
| Assign group hotkey | 86 | |
| Basic commands | 143 | |
| Build / train | 168 | |
| ESC pressed | 8 | |
| Enter build submenu | 56 | |
| Enter hero's abilities submenu | 22 | |
| Give item / drop item | 15 | |
| Remove unit from queue | 1 | |
| Right click | 3138 | |
| Select / deselect | 882 | |
| Select group hotkey | 1106 | |
| Use ability | 832 | |
6457 total
» units
| Peasant | 37 | |
| Goblin Shredder | 1 | |
| Goblin Zeppelin | 4 | |
| Sorceress | 2 | |
| Goblin Sapper | 4 | |
| Gryphon Rider | 2 | |
| Frost Wyrm | 4 | |
54 total
» upgrades
| Masonry | 3 | |
| Swords | 3 | |
| Gunpowder | 3 | |
| Armor | 3 | |
| Plating | 3 | |
| Magic Sentry | 1 | |
| Sorceress Training | 2 | |
| Storm Hammers | 1 | |
| Cloud | 1 | |
| Animal War Training | 1 | |
21 total
» buildings
| Altar of Kings | 1 | |
| Farm | 17 | |
| Lumber Mill | 112 | |
| Scout Tower | 143 | |
| Town Hall | 3 | |
| Arcane Tower | 2 | |
| Guard Tower | 38 | |
| Keep | 2 | |
| Blacksmith | 2 | |
| Castle | 1 | |
| Arcane Sanctum | 1 | |
| Arcane Vault | 1 | |
| Gryphon Aviary | 10 | |
| Barracks | 1 | |
| Altar of Darkness | 2 | |
| Ziggurat | 7 | |
| Necropolis | 1 | |
| Tomb of Relics | 1 | |
| Halls of the Dead | 2 | |
347 total
» build order
00:07 Altar of Kings
00:09 Farm
00:47 Farm
01:20 Lumber Mill
01:23 Farm
01:53 Farm
02:39 Scout Tower
03:23 Town Hall
03:38 Arcane Tower
04:56 Scout Tower
04:57 Scout Tower
04:58 Scout Tower
04:58 Scout Tower
04:58 Scout Tower
04:59 Scout Tower
05:13 Scout Tower
05:13 Scout Tower
05:14 Scout Tower
05:14 Scout Tower
05:15 Scout Tower
05:15 Scout Tower
05:15 Scout Tower
05:41 Guard Tower
06:06 Guard Tower
06:24 Guard Tower
06:26 Scout Tower
06:26 Scout Tower
06:28 Scout Tower
06:46 Guard Tower
06:51 Scout Tower
06:51 Scout Tower
06:52 Scout Tower
06:52 Scout Tower
06:53 Scout Tower
06:53 Scout Tower
07:06 Arcane Tower
07:34 Guard Tower
07:36 Guard Tower
07:37 Guard Tower
07:47 Scout Tower
07:48 Scout Tower
07:51 Scout Tower
07:51 Scout Tower
07:52 Scout Tower
07:52 Scout Tower
07:53 Scout Tower
07:53 Scout Tower
08:12 Keep
08:12 Keep
08:42 Town Hall
08:47 Scout Tower
08:47 Scout Tower
08:48 Scout Tower
08:49 Scout Tower
08:49 Scout Tower
08:50 Scout Tower
08:51 Guard Tower
09:00 Guard Tower
09:23 Guard Tower
09:24 Guard Tower
09:46 Lumber Mill
09:53 Guard Tower
09:55 Guard Tower
10:01 Blacksmith
10:02 Blacksmith
10:44 Castle
10:51 Guard Tower
11:45 Guard Tower
11:55 Scout Tower
11:55 Scout Tower
11:56 Scout Tower
11:57 Scout Tower
11:57 Scout Tower
11:57 Scout Tower
11:58 Scout Tower
12:12 Arcane Sanctum
12:31 Guard Tower
13:11 Scout Tower
13:12 Scout Tower
13:12 Scout Tower
13:13 Scout Tower
13:13 Scout Tower
13:29 Scout Tower
13:29 Scout Tower
13:30 Scout Tower
13:30 Scout Tower
13:31 Scout Tower
13:32 Scout Tower
13:56 Scout Tower
13:57 Scout Tower
13:58 Scout Tower
13:58 Scout Tower
13:58 Scout Tower
13:59 Scout Tower
13:59 Scout Tower
14:00 Scout Tower
14:00 Scout Tower
14:09 Guard Tower
14:12 Guard Tower
14:14 Scout Tower
14:14 Scout Tower
14:15 Scout Tower
14:15 Scout Tower
14:16 Scout Tower
14:16 Scout Tower
14:17 Scout Tower
14:17 Scout Tower
14:18 Scout Tower
14:19 Scout Tower
14:48 Guard Tower
15:39 Guard Tower
15:56 Guard Tower
16:09 Guard Tower
16:33 Guard Tower
17:00 Arcane Vault
17:05 Scout Tower
17:05 Scout Tower
17:06 Scout Tower
17:08 Scout Tower
17:08 Scout Tower
17:09 Scout Tower
17:10 Scout Tower
18:35 Guard Tower
18:38 Scout Tower
18:38 Scout Tower
18:39 Scout Tower
18:40 Scout Tower
18:40 Scout Tower
18:40 Scout Tower
18:41 Scout Tower
18:42 Scout Tower
18:42 Scout Tower
18:42 Scout Tower
18:43 Scout Tower
18:43 Scout Tower
18:44 Scout Tower
18:44 Scout Tower
18:45 Scout Tower
18:45 Scout Tower
18:46 Scout Tower
19:01 Lumber Mill
19:04 Lumber Mill
20:05 Guard Tower
20:08 Guard Tower
20:29 Guard Tower
20:29 Guard Tower
21:09 Farm
21:57 Gryphon Aviary
21:57 Gryphon Aviary
21:58 Gryphon Aviary
21:58 Gryphon Aviary
21:59 Gryphon Aviary
22:40 Scout Tower
22:40 Scout Tower
22:41 Scout Tower
22:41 Scout Tower
22:42 Scout Tower
22:42 Scout Tower
22:43 Scout Tower
22:44 Scout Tower
22:45 Guard Tower
23:19 Guard Tower
23:49 Lumber Mill
23:50 Lumber Mill
23:50 Lumber Mill
23:50 Lumber Mill
23:50 Lumber Mill
23:51 Lumber Mill
23:51 Lumber Mill
23:51 Lumber Mill
23:51 Lumber Mill
23:52 Lumber Mill
23:52 Lumber Mill
23:52 Lumber Mill
23:52 Lumber Mill
23:53 Lumber Mill
23:53 Lumber Mill
23:53 Lumber Mill
23:53 Lumber Mill
23:54 Lumber Mill
23:54 Lumber Mill
23:54 Lumber Mill
23:54 Lumber Mill
23:55 Lumber Mill
23:55 Lumber Mill
23:55 Lumber Mill
23:55 Lumber Mill
23:56 Lumber Mill
23:56 Lumber Mill
23:56 Lumber Mill
23:56 Lumber Mill
23:57 Lumber Mill
23:57 Lumber Mill
23:57 Lumber Mill
23:57 Lumber Mill
23:58 Lumber Mill
23:58 Lumber Mill
23:58 Lumber Mill
23:58 Lumber Mill
24:58 Barracks
25:01 Farm
25:01 Farm
25:01 Farm
25:02 Farm
25:02 Farm
25:02 Farm
25:02 Farm
25:03 Farm
25:03 Farm
25:53 Guard Tower
26:38 Lumber Mill
26:38 Lumber Mill
26:39 Lumber Mill
26:39 Lumber Mill
26:39 Lumber Mill
26:40 Lumber Mill
28:10 Town Hall
28:12 Scout Tower
28:12 Scout Tower
28:13 Scout Tower
28:13 Scout Tower
28:14 Scout Tower
28:32 Scout Tower
28:32 Scout Tower
28:33 Scout Tower
28:34 Scout Tower
28:34 Scout Tower
28:34 Scout Tower
28:35 Scout Tower
28:36 Scout Tower
28:37 Scout Tower
28:37 Scout Tower
28:38 Scout Tower
28:39 Scout Tower
28:40 Scout Tower
28:40 Scout Tower
28:42 Guard Tower
29:02 Guard Tower
30:07 Guard Tower
30:07 Guard Tower
30:13 Guard Tower
34:52 Lumber Mill
34:52 Lumber Mill
34:52 Lumber Mill
34:53 Lumber Mill
34:53 Lumber Mill
34:53 Lumber Mill
34:53 Lumber Mill
34:54 Lumber Mill
34:54 Lumber Mill
39:18 Lumber Mill
39:18 Lumber Mill
39:19 Lumber Mill
39:19 Lumber Mill
39:20 Lumber Mill
39:20 Lumber Mill
39:20 Lumber Mill
39:21 Lumber Mill
39:21 Lumber Mill
39:22 Lumber Mill
40:05 Lumber Mill
40:06 Lumber Mill
40:06 Lumber Mill
40:06 Lumber Mill
40:07 Lumber Mill
40:07 Lumber Mill
40:07 Lumber Mill
48:37 Gryphon Aviary
48:37 Gryphon Aviary
48:37 Gryphon Aviary
48:38 Gryphon Aviary
48:38 Gryphon Aviary
96:09 Altar of Darkness
96:10 Ziggurat
96:12 Ziggurat
96:14 Necropolis
96:49 Altar of Darkness
97:27 Tomb of Relics
97:55 Halls of the Dead
97:56 Halls of the Dead
100:36 Ziggurat
100:38 Ziggurat
100:39 Ziggurat
100:39 Ziggurat
100:40 Ziggurat
» items
| Boots of Speed | 3 | |
| Staff of Teleportation | 3 | |
| Scroll of Regeneration | 4 | |
| Lesser Clarity Potion | 4 | |
| Potion of Invisibility | 1 | |
| Scroll of Town Portal | 2 | |
| Orb of Corruption | 3 | |
| Staff of Sanctuary | 2 | |
22 total
fbigod707 (
purple | 51 APM | 3074 actions | 60:44)
6 Death Knight
2 Death Coil
3 Unholy Aura
1 Animate Dead
5 Lich
3 Frost Nova
1 Frost Armor
1 Dark Ritual
» actions
| Basic commands | 1 | |
| Build / train | 110 | |
| Enter build submenu | 29 | |
| Enter hero's abilities submenu | 11 | |
| Give item / drop item | 10 | |
| Remove unit from queue | 1 | |
| Right click | 2214 | |
| Select / deselect | 517 | |
| Use ability | 181 | |
3074 total
» units
| Acolyte | 6 | |
| Ghoul | 4 | |
| Crypt Fiend | 6 | |
| Obsidian Statue | 4 | |
| Blue Drake | 1 | |
| Blue Dragon | 1 | |
| Abomination | 3 | |
| Gargoyle | 6 | |
| Frost Wyrm | 16 | |
| Goblin Zeppelin | 1 | |
48 total
» upgrades
| Web | 1 | |
| Destroyer Form | 1 | |
| Disease Cloud | 1 | |
| Stone Form | 1 | |
| Freezing Breath | 1 | |
5 total
» buildings
| Altar of Darkness | 1 | |
| Ziggurat | 14 | |
| Tomb of Relics | 1 | |
| Crypt | 1 | |
| Graveyard | 1 | |
| Halls of the Dead | 1 | |
| Spirit Tower | 4 | |
| Slaughterhouse | 1 | |
| Sacrificial Pit | 1 | |
| Black Citadel | 1 | |
| Boneyard | 2 | |
28 total
» build order
00:07 Altar of Darkness
00:13 Ziggurat
00:45 Tomb of Relics
01:07 Crypt
01:40 Graveyard
02:26 Ziggurat
03:42 Halls of the Dead
05:14 Ziggurat
06:06 Ziggurat
07:51 Spirit Tower
07:55 Ziggurat
08:03 Slaughterhouse
08:08 Sacrificial Pit
08:28 Ziggurat
09:33 Spirit Tower
09:37 Ziggurat
11:00 Black Citadel
13:03 Ziggurat
13:10 Ziggurat
17:09 Ziggurat
17:12 Spirit Tower
17:19 Boneyard
18:06 Boneyard
46:57 Ziggurat
47:35 Ziggurat
47:50 Spirit Tower
48:18 Ziggurat
52:26 Ziggurat
» items
| Rod of Necromancy | 1 | |
| Sacrificial Skull | 1 | |
| Potion of Mana | 3 | |
| Potion of Healing | 4 | |
| Orb of Corruption | 2 | |
| Scroll of Town Portal | 2 | |
13 total
team 2 (loser)

»
IDONTGIVEAFCUK (
blue | 32 APM | 3320 actions | 102:30)
7 Mountain King
3 Thunder Clap
3 Storm Bolt
1 Avatar
» actions
| Assign group hotkey | 202 | |
| Basic commands | 16 | |
| Build / train | 173 | |
| Enter build submenu | 57 | |
| Enter hero's abilities submenu | 7 | |
| Right click | 1591 | |
| Select / deselect | 624 | |
| Select group hotkey | 417 | |
| Use ability | 233 | |
3320 total
» units
| Peasant | 51 | |
| Flying Machine | 30 | |
| Siege Engine | 1 | |
| Mortar Team | 13 | |
| Goblin Zeppelin | 2 | |
| Chimaera | 1 | |
98 total
» upgrades
| Lumber Harvesting | 2 | |
| Flak Cannons | 1 | |
| Flying Machine Bombs | 1 | |
| Gunpowder | 3 | |
| Plating | 2 | |
| Masonry | 2 | |
| Barrage | 1 | |
| Fragmentation Shards | 1 | |
| Flare | 1 | |
14 total
» buildings
| Farm | 15 | |
| Altar of Kings | 1 | |
| Lumber Mill | 1 | |
| Blacksmith | 2 | |
| Keep | 3 | |
| Town Hall | 3 | |
| Scout Tower | 33 | |
| Castle | 3 | |
| Guard Tower | 26 | |
| Workshop | 4 | |
91 total
» build order
00:22 Farm
00:38 Altar of Kings
00:48 Farm
02:01 Lumber Mill
02:04 Blacksmith
03:35 Keep
03:36 Keep
03:36 Keep
04:09 Town Hall
04:35 Blacksmith
05:55 Scout Tower
05:58 Scout Tower
06:02 Scout Tower
06:06 Castle
06:06 Castle
06:06 Castle
06:11 Scout Tower
06:13 Scout Tower
06:17 Scout Tower
06:19 Scout Tower
06:39 Guard Tower
06:44 Guard Tower
06:50 Guard Tower
06:51 Guard Tower
06:53 Workshop
06:55 Workshop
07:01 Workshop
07:04 Workshop
07:28 Guard Tower
07:30 Guard Tower
07:30 Guard Tower
07:30 Guard Tower
07:50 Farm
07:53 Farm
07:54 Farm
07:57 Farm
08:00 Farm
08:01 Farm
08:02 Farm
08:03 Farm
08:04 Farm
13:09 Scout Tower
13:12 Scout Tower
13:17 Scout Tower
13:18 Scout Tower
13:23 Scout Tower
13:25 Scout Tower
13:30 Scout Tower
13:32 Scout Tower
14:45 Guard Tower
14:45 Guard Tower
14:45 Guard Tower
16:51 Farm
18:37 Farm
18:37 Farm
21:18 Farm
29:21 Town Hall
33:51 Scout Tower
33:53 Scout Tower
33:57 Scout Tower
33:59 Scout Tower
34:58 Guard Tower
34:59 Guard Tower
36:07 Scout Tower
36:09 Scout Tower
36:17 Scout Tower
36:19 Scout Tower
36:30 Scout Tower
36:33 Scout Tower
36:42 Guard Tower
36:43 Guard Tower
46:48 Town Hall
47:06 Scout Tower
47:08 Scout Tower
47:14 Scout Tower
47:16 Scout Tower
47:22 Scout Tower
47:24 Scout Tower
47:31 Scout Tower
47:33 Scout Tower
48:46 Guard Tower
48:46 Guard Tower
» items

»
being4itself (
yellow | 59 APM | 6034 actions | 102:29)
8 Pit Lord
3 Howl of Terror
3 Cleaving Attack
1 Rain of Fire
1 Doom
6 Death Knight
3 Death Coil
3 Unholy Aura
6 Lich
3 Frost Nova
2 Dark Ritual
1 Death and Decay
» actions
| Assign group hotkey | 36 | |
| Basic commands | 52 | |
| Build / train | 119 | |
| Enter build submenu | 18 | |
| Enter hero's abilities submenu | 21 | |
| Give item / drop item | 5 | |
| Remove unit from queue | 1 | |
| Right click | 3371 | |
| Select / deselect | 600 | |
| Select group hotkey | 1546 | |
| Use ability | 265 | |
6034 total
» units
| Acolyte | 14 | |
| Ghoul | 1 | |
| Crypt Fiend | 17 | |
| Banshee | 13 | |
| Obsidian Statue | 7 | |
| Goblin Shredder | 2 | |
| Necromancer | 5 | |
59 total
» upgrades
| Web | 1 | |
| Creature Attack | 3 | |
| Creature Carapace | 3 | |
| Banshee Training | 2 | |
| Burrow | 1 | |
| Destroyer Form | 1 | |
| Necromancer Training | 2 | |
| Skeletal Longevity | 1 | |
| Skeletal Mastery | 1 | |
15 total
» buildings
| Crypt | 2 | |
| Ziggurat | 7 | |
| Graveyard | 1 | |
| Altar of Darkness | 1 | |
| Tomb of Relics | 1 | |
| Halls of the Dead | 1 | |
| Spirit Tower | 3 | |
| Temple of the Damned | 1 | |
| Slaughterhouse | 1 | |
| Black Citadel | 1 | |
| Nerubian Tower | 2 | |
| Sacrificial Pit | 1 | |
22 total
» build order
00:09 Crypt
00:15 Ziggurat
00:49 Graveyard
01:01 Altar of Darkness
01:29 Tomb of Relics
01:48 Ziggurat
04:13 Ziggurat
05:17 Crypt
06:49 Halls of the Dead
07:42 Ziggurat
07:51 Ziggurat
08:38 Spirit Tower
08:48 Spirit Tower
08:50 Ziggurat
08:56 Ziggurat
10:37 Temple of the Damned
11:10 Slaughterhouse
14:35 Black Citadel
15:00 Nerubian Tower
19:20 Nerubian Tower
19:21 Spirit Tower
71:29 Sacrificial Pit
» items
| Rod of Necromancy | 3 | |
| Orb of Venom | 1 | |
| Scroll of Town Portal | 1 | |
| Orb of Corruption | 2 | |
| Tome of Retraining | 1 | |
| Boots of Speed | 1 | |
9 total
Dblbarrels (
orange | 26 APM | 2701 actions | 104:26)
5 Archmage
3 Summon Water Elemental
2 Brilliance Aura
6 Paladin
3 Holy Light
2 Devotion Aura
1 Divine Shield
4 Blood Mage
2 Flame Strike
2 Siphon Mana
1 Priestess of the Moon
1 Searing Arrows
» actions
| Assign group hotkey | 15 | |
| Basic commands | 160 | |
| Build / train | 148 | |
| Enter build submenu | 30 | |
| Enter hero's abilities submenu | 16 | |
| Give item / drop item | 9 | |
| Remove unit from queue | 4 | |
| Right click | 719 | |
| Select / deselect | 624 | |
| Select group hotkey | 812 | |
| Use ability | 163 | |
2701 total
» units
| Peasant | 32 | |
| Goblin Shredder | 1 | |
| Siege Engine | 13 | |
| Mortar Team | 2 | |
| Blue Dragon | 1 | |
| Blue Drake | 1 | |
| Blue Dragon Whelp | 1 | |
| Flying Machine | 9 | |
| Chimaera | 3 | |
| Goblin Zeppelin | 1 | |
64 total
» upgrades
| Masonry | 3 | |
| Gunpowder | 3 | |
| Flare | 1 | |
| Fragmentation Shards | 1 | |
| Barrage | 1 | |
| Plating | 3 | |
| Backpack | 1 | |
| Lumber Harvesting | 1 | |
| Armor | 3 | |
| Flak Cannons | 1 | |
| Flying Machine Bombs | 1 | |
19 total
» buildings
| Altar of Kings | 1 | |
| Arcane Vault | 1 | |
| Farm | 12 | |
| Town Hall | 2 | |
| Lumber Mill | 1 | |
| Keep | 1 | |
| Blacksmith | 2 | |
| Scout Tower | 23 | |
| Guard Tower | 14 | |
| Castle | 1 | |
| Workshop | 3 | |
61 total
» build order
00:13 Altar of Kings
00:22 Arcane Vault
00:38 Farm
01:01 Farm
03:53 Town Hall
04:07 Lumber Mill
06:01 Keep
06:34 Farm
07:10 Blacksmith
07:14 Blacksmith
07:22 Farm
07:35 Scout Tower
07:38 Scout Tower
07:39 Scout Tower
07:41 Scout Tower
07:43 Scout Tower
07:44 Scout Tower
07:46 Scout Tower
07:48 Scout Tower
07:49 Scout Tower
07:50 Scout Tower
07:52 Scout Tower
07:53 Scout Tower
08:04 Guard Tower
08:14 Farm
08:23 Castle
08:31 Farm
08:34 Guard Tower
08:49 Workshop
09:25 Workshop
09:27 Guard Tower
09:34 Farm
10:22 Guard Tower
10:57 Guard Tower
11:27 Guard Tower
11:58 Guard Tower
12:29 Guard Tower
13:54 Scout Tower
13:56 Scout Tower
13:58 Scout Tower
14:00 Scout Tower
14:02 Scout Tower
14:04 Scout Tower
14:26 Guard Tower
15:04 Guard Tower
15:37 Guard Tower
15:57 Guard Tower
16:53 Guard Tower
18:05 Farm
18:08 Farm
18:09 Farm
18:10 Farm
18:57 Farm
19:08 Scout Tower
19:15 Scout Tower
25:06 Workshop
30:05 Guard Tower
30:52 Scout Tower
30:53 Scout Tower
30:55 Scout Tower
92:15 Town Hall
» items
| Scroll of Regeneration | 2 | |
| Mechanical Critter | 2 | |
| Potion of Healing | 8 | |
| Circlet of Nobility | 1 | |
| Periapt of Vitality | 1 | |
| Scroll of Healing | 1 | |
| Orb of Fire | 7 | |
| Lesser Clarity Potion | 4 | |
26 total

»
kills[low] (
pink | 22 APM | 1774 actions | 80:51)
6 Priestess of the Moon
2 Searing Arrows
3 Trueshot Aura
1 Starfall
» actions
| Basic commands | 102 | |
| Build / train | 113 | |
| Enter build submenu | 35 | |
| Enter hero's abilities submenu | 6 | |
| Remove unit from queue | 13 | |
| Right click | 911 | |
| Select / deselect | 545 | |
| Use ability | 49 | |
1774 total
» units
| Wisp | 30 | |
| Archer | 5 | |
| Huntress | 4 | |
| Hippogryph | 17 | |
| Chimaera | 24 | |
| Goblin Zeppelin | 1 | |
81 total
» upgrades
| Strength of the Wild | 3 | |
| Reinforced Hides | 3 | |
| Corrosive Breath | 1 | |
| Improved Bows | 1 | |
| Upgrade Moon Glaive | 0 | |
| Ultravision | 1 | |
| Well Spring | 1 | |
10 total
» buildings
| Moon Well | 14 | |
| Altar of Elders | 5 | |
| Ancient of War | 1 | |
| Ancient of Wonders | 1 | |
| Hunter's Hall | 2 | |
| Tree of Ages | 1 | |
| Tree of Eternity | 1 | |
| Ancient of Wind | 1 | |
| Chimaera Roost | 1 | |
| Tree of Life | 4 | |
31 total
» build order
00:22 Moon Well
00:36 Altar of Elders
00:51 Ancient of War
01:38 Ancient of Wonders
02:09 Moon Well
02:38 Moon Well
03:21 Hunter's Hall
03:24 Tree of Ages
03:56 Moon Well
05:46 Tree of Eternity
06:06 Ancient of Wind
08:12 Chimaera Roost
09:00 Moon Well
10:12 Moon Well
10:25 Moon Well
13:31 Moon Well
15:17 Moon Well
18:28 Moon Well
21:21 Altar of Elders
28:25 Tree of Life
31:29 Altar of Elders
46:32 Tree of Life
46:38 Moon Well
47:03 Altar of Elders
47:11 Altar of Elders
50:51 Moon Well
52:06 Moon Well
53:35 Moon Well
57:00 Hunter's Hall
60:18 Tree of Life
76:40 Tree of Life
Chat log
(00:09 / All) IDONTGIVEAFCUK: AMAZING
(00:20 / All) IDONTGIVEAFCUK: i can play while dling porn
(00:20 / 5) USinlaw: this is almost too good
(00:23 / All) 0ttawaSenators: u again
(00:25 / 5) USinlaw: i anticipate some kidn of brick
(00:33 / 7) bookstatus: ya
(00:35 / 7) bookstatus: dont talk to allies
(00:36 / 7) bookstatus: at all
(00:37 / 5) USinlaw: ya
(00:51 / Allies) 0ttawaSenators: purp
(01:04 / Allies) 0ttawaSenators: purp buddy
(01:09 / 5) USinlaw: here it comes
(01:09 / Allies) 0ttawaSenators: yo
(01:30 / Allies) 0ttawaSenators: im gonna build in his base
(01:34 / Allies) 0ttawaSenators: but not teamkill
(01:39 / 5) USinlaw: lets team creep my natural then urs
(01:40 / 7) bookstatus: theres the magic word
(02:14 / 5) USinlaw: hurry up and buy
(03:16 / 5) USinlaw: wait night for urs
(03:30 / 5) USinlaw: another potential brick right here
(03:54 / Allies) 0ttawaSenators: wood?
(04:08 / 5) USinlaw: go harass
(04:16 / Allies) 0ttawaSenators: purp
(04:25 / Allies) 0ttawaSenators: gold?
(04:29 / Allies) 0ttawaSenators: wood i mean
(04:38 / 5) USinlaw: enemy massing expos
(04:40 / 5) USinlaw: ally being a comedian
(05:27 / All) IDONTGIVEAFCUK: mass aod
(05:28 / All) IDONTGIVEAFCUK: nice
(05:43 / 5) USinlaw: up towers asap
(05:57 / 5) USinlaw: brings ome call to arms to ur toers
(06:09 / 5) USinlaw: repair
(07:54 / All) 0ttawaSenators: lol
(07:54 / Allies) 0ttawaSenators: wtf
(08:37 / 5) USinlaw: get a blimp and grap enemy srhed
(08:42 / 7) bookstatus: they giot theirs
(11:25 / All) IDONTGIVEAFCUK: he got no tp
(12:15 / 5) USinlaw: get lots of towers
(13:00 / 5) USinlaw: he already ahs 2 chism
(13:09 / 7) bookstatus: did u see the gyros
(13:14 / 5) USinlaw: no
(13:21 / 7) bookstatus: top base
(13:24 / 5) USinlaw: oh god
(14:43 / All) 0ttawaSenators: lo
(14:45 / Allies) 0ttawaSenators: what the fuck is going on
(14:50 / 5) USinlaw: MY BASE
(14:51 / 5) USinlaw: NOW
(15:23 / All) IDONTGIVEAFCUK: dam
(15:26 / 5) USinlaw: thanks
(16:43 / 5) USinlaw: wood me 500
(17:12 / Allies) USinlaw: back up to our towers
(17:15 / Allies) USinlaw: they will hti soon
(17:30 / Allies) 0ttawaSenators: gold
(17:31 / All) 0ttawaSenators: ?
(17:52 / Allies) 0ttawaSenators: ty
(19:40 / 7) bookstatus: this guy hasnt had 5 in his mine all game
(20:18 / 5) USinlaw: this games over
(20:25 / 5) USinlaw: 400 food of chim wyrms vs towers and us
(20:29 / Allies) 0ttawaSenators: gold?
(20:42 / Allies) USinlaw: stop losing units and you wont have to replce them
(20:47 / Allies) USinlaw: therews also the matter of levellign their heros up
(20:49 / Allies) 0ttawaSenators: well wtf is going on
(20:57 / Allies) USinlaw: wait for htem to hit
(21:02 / Allies) USinlaw: and fight inside our towers
(21:04 / Allies) 0ttawaSenators: u have 4000 man
(21:13 / Allies) USinlaw: thers a lot mroe than that on the map
(21:17 / Allies) USinlaw: if i blow it feedin gthem fiends
(21:19 / Allies) USinlaw: we will lose
(21:19 / Allies) 0ttawaSenators: ok
(21:22 / Allies) 0ttawaSenators: please give me gold
(21:26 / Allies) 0ttawaSenators: and ill make frost
(21:39 / Allies) USinlaw: back
(21:43 / Allies) USinlaw: let htem attack, which they will
(21:46 / Allies) USinlaw: thewn fight on top of 100 towers
(21:50 / Allies) USinlaw: isntead of 400 enemy food
(22:02 / Allies) 0ttawaSenators: there not gonna come lol
(22:02 / 5) USinlaw: im going gryphs when its time to break
(22:05 / Allies) 0ttawaSenators: are u stupid
(22:23 / Allies) USinlaw: back
(22:25 / Allies) USinlaw: you are not in the towers
(22:28 / Allies) USinlaw: you are in the suicde zone
(23:17 / Allies) 0ttawaSenators: gold
(23:30 / Allies) USinlaw: you dont even have 5 on the mine
(23:33 / All) Dblbarrels: they even turn this map into a waste of time noobfest now
(23:40 / Allies) 0ttawaSenators: stop being jewish man
(23:44 / Allies) 0ttawaSenators: cus u have 100 towers up
(23:47 / Allies) 0ttawaSenators: doesnt make u good
(23:52 / Allies) 0ttawaSenators: just send me moeby
(24:02 / Allies) 0ttawaSenators: u have less units then i do
(24:13 / All) Dblbarrels: gd towers all over the place lots of skill involved
(24:15 / Allies) USinlaw: in fact i have so few that im not paying any gold to upkeep
(25:15 / 5) USinlaw: matyeb u better go 80 food gyro
(26:13 / Allies) USinlaw: web those
(26:18 / Allies) fbigod707: go
(26:46 / 5) USinlaw: care
(26:49 / 5) USinlaw: we are losing all our hp
(26:50 / 5) USinlaw: with morts waiting
(28:02 / Allies) USinlaw: u can have that expo ottowa
(28:48 / Allies) 0ttawaSenators: this is stupid
(29:11 / 5) USinlaw: get like 7 workshop in case we go red alert
(29:22 / 5) USinlaw: oh shit i have no income
(29:23 / 5) USinlaw: gold me 1000
(30:33 / Allies) 0ttawaSenators: 200
(30:36 / Allies) 0ttawaSenators: ?
(31:08 / 5) USinlaw: hurry get back to tower wall
(32:10 / Allies) 0ttawaSenators: WTF
(32:11 / Allies) 0ttawaSenators: IS THIS
(33:29 / Allies) 0ttawaSenators: BACK
(34:27 / Allies) USinlaw: tjhey leave now
(38:07 / All) USinlaw: whats wrong? too dumb to kill a tower?
(38:56 / 5) USinlaw: i ahve a sorc
(39:28 / 5) USinlaw: ud town
(39:43 / 5) USinlaw: lookout for gyros
(39:56 / 5) USinlaw: actually im hitting gyros boys expo
(39:56 / Allies) 0ttawaSenators: GOLD
(41:09 / 5) USinlaw: lol i figured that woudl happen
(41:09 / 7) bookstatus: logic error with the staffs
(41:48 / 5) USinlaw: klol we have over 10k each
(41:52 / 5) USinlaw: i just unhid my queue
(42:11 / All) USinlaw: u ladies give up?
(42:26 / 7) bookstatus: all game long
(42:28 / 7) bookstatus: this has been the one bee in my bonnet
(42:35 / 5) USinlaw: this was a pretty juicy gmes
(42:39 / 5) USinlaw: a silent noob and a mega retard
(42:42 / 5) USinlaw: vs gyro boy
(42:44 / 5) USinlaw: and morts and chims
(43:10 / Allies) 0ttawaSenators: GOLD PLEASE
(43:24 / Allies) USinlaw: sorry man the recent financial crisis brought about the end of socialism
(43:31 / Allies) USinlaw: austerity measures arent fun but theya re necessary
(43:41 / Allies) 0ttawaSenators: OK
(43:44 / Allies) 0ttawaSenators: SO IM GONAN LEAVE
(43:51 / Allies) USinlaw: hmm we would be lost without you
(43:53 / Allies) USinlaw: hope you rethink
(43:55 / Allies) 0ttawaSenators: ENJOY BY URSELF
(44:12 / All) 0ttawaSenators: MAN U TOWERD THE HOLE MAP
(44:16 / All) 0ttawaSenators: UR A FUCEKN LOSER
(44:17 / All) 0ttawaSenators: LO
(44:40 / Allies) USinlaw: what is the ottowa senators some kind of basebal team
(44:50 / All) 0ttawaSenators: THATS HOW FUCKEN STUPID U ARE
(44:58 / All) 0ttawaSenators: U SHOULD GET OUT
(45:07 / All) 0ttawaSenators: ITS GOOD FOR YOU
(45:28 / All) USinlaw: wheres liches big bro
(45:29 / All) USinlaw: to heal him
(45:58 / All) 0ttawaSenators: im gonna feed u guys here
(46:04 / Allies) USinlaw: well thats a change of pace
(46:06 / 7) bookstatus: the enemies all have at least 1k banked
(46:06 / All) 0ttawaSenators: kill me please
(46:09 / Allies) USinlaw: what happened to the rest of your units
(46:11 / All) 0ttawaSenators: ummm yaaa
(46:33 / 5) USinlaw: theres about as much in the mines they have
(46:36 / 5) USinlaw: as we have banked
(46:49 / All) 0ttawaSenators: U GUYS CANT WIN
(46:51 / All) 0ttawaSenators: just stop please
(46:58 / All) 0ttawaSenators: they towered every mine
(47:01 / All) 0ttawaSenators: eveyt base
(47:03 / All) 0ttawaSenators: u can get in
(47:04 / All) USinlaw: no just our side
(47:04 / All) 0ttawaSenators: u lost
(47:08 / All) USinlaw: we arent invading theirs anymore
(47:09 / All) USinlaw: truce
(47:10 / All) 0ttawaSenators: shut up
(47:40 / 5) USinlaw: lol hes unsummoning
(48:03 / 7) bookstatus: gyro
(48:07 / 7) bookstatus: u r seen
(49:13 / All) 0ttawaSenators: leave dummys
(49:22 / All) 0ttawaSenators: what the fuck aer u gonna do
(49:35 / All) IDONTGIVEAFCUK: play til 4am
(49:56 / 5) USinlaw: lmao he has a blimp
(49:59 / 5) USinlaw: wonder what hes gonna do with it
(51:59 / Allies) fbigod707: tower
(52:03 / Allies) 0ttawaSenators: FUCK U
(52:03 / All) IDONTGIVEAFCUK: ok seriously
(52:06 / All) IDONTGIVEAFCUK: lmao
(52:21 / All) USinlaw: if u stay til tomorrow morning we will kill all our remaining buildsing and leave
(52:24 / 5) USinlaw: should we tk?
(52:28 / All) 0ttawaSenators: u guys are stupid if u tgink ur gonna win
(52:32 / All) bookstatus: yes
(52:37 / All) 0ttawaSenators: NO
(53:00 / All) USinlaw: we are still gonna defend our stuff til then of course
(53:27 / All) USinlaw: well we will defend the human stuff
(53:30 / All) USinlaw: we stick up for our own
(53:34 / All) USinlaw: the undead stuff is free game
(53:40 / 5) USinlaw: fair game?
(53:43 / 5) USinlaw: whats the expression
(53:45 / All) USinlaw: fair game
(55:06 / All) 0ttawaSenators: GREEN HAS 9000 GOLD
(55:18 / All) 0ttawaSenators: RED HAS 18000
(55:31 / All) 0ttawaSenators: HOW MUCH DO U HAVE
(55:41 / All) IDONTGIVEAFCUK: about 500
(55:48 / All) 0ttawaSenators: NICE
(55:56 / All) IDONTGIVEAFCUK: savin it for my town hall
(56:02 / 5) USinlaw: give me half of that back
(56:03 / All) 0ttawaSenators: thats alot
(56:35 / 5) USinlaw: lol dk down
(56:48 / 5) USinlaw: quit attackign them now
(57:02 / 5) USinlaw: also give me half ur gold
(57:11 / All) 0ttawaSenators: how have any of u guys not quit yet
(57:15 / All) 0ttawaSenators: lol fucken dumtms
(57:18 / All) being4itself: bc we are winning
(57:22 / All) 0ttawaSenators: how
(57:27 / All) 0ttawaSenators: think about this
(57:27 / All) 0ttawaSenators: ok
(57:32 / All) IDONTGIVEAFCUK: i think ur bluffing on the gold
(57:33 / All) 0ttawaSenators: use ur heads ok
(57:37 / All) 0ttawaSenators: lol
(57:38 / All) 0ttawaSenators: ok
(57:41 / All) USinlaw: i spent my gold on towers
(57:43 / All) USinlaw: a wise investment
(57:49 / All) USinlaw: Teal spent his on units
(57:51 / All) USinlaw: and where are they now
(57:52 / All) 0ttawaSenators: thats it
(57:55 / All) 0ttawaSenators: thats all
(58:17 / All) 0ttawaSenators: NOW RED HAS 13000
(58:25 / All) 0ttawaSenators: GREEN 13000
(58:44 / 7) bookstatus: this guy reminds me of brad pitt from the 12 monkeys
(58:53 / 5) USinlaw: LIOL
(59:29 / All) IDONTGIVEAFCUK: lmao teal u wanna play another game dont u
(59:42 / All) USinlaw: hes thirsty for a win, just like his favorite baseball team
(59:45 / All) USinlaw: the ottowa senators
(59:47 / All) 0ttawaSenators: I WANNA GOTO SLEPE
(59:58 / All) 0ttawaSenators: RED DOESNT KNOW WHO OTTAWASENATORS ARE
(60:01 / All) 0ttawaSenators: UR A DUMMY
(60:03 / All) IDONTGIVEAFCUK: lmao
(60:05 / All) IDONTGIVEAFCUK: hahaha
(60:12 / All) 0ttawaSenators: HE GOES
(60:17 / All) 0ttawaSenators: SOME BASEBALL TEAM??
(60:20 / Allies) 0ttawaSenators: FUCKEN DUMM
(60:40 / 7) bookstatus: bloodmage was a poor choice
(60:42 / All) 0ttawaSenators: WELL IM DONE
(60:46 / 5) USinlaw: im glad i got panda
(60:48 / Allies) 0ttawaSenators: I CANT DO ANYHING ANY MORE
(60:58 / All) 0ttawaSenators: I CANT DO ANYTHING ANYMORE
(61:01 / 7) bookstatus: if i could redo it would be pit lord panda old man
(61:04 / All) IDONTGIVEAFCUK: lmao
(61:22 / All) 0ttawaSenators: THESES GUYS ARE FAGGOTS FOR SURE
(61:25 / All) 0ttawaSenators: BEST PART IS
(61:33 / Allies) 0ttawaSenators: THEY BOTH TOWERED
(61:39 / All) 0ttawaSenators: THEY BOTH TOWERED
(61:44 / All) 0ttawaSenators: AND THEY DONT EVEN TALK TO EACH OTHER
(61:48 / All) 0ttawaSenators: LIKE FUCKEN WERIODS
(62:01 / All) kills[low]: I AINT TALKED
(62:03 / All) kills[low]: AT ALL
(62:16 / 7) bookstatus: very sneaky
(62:25 / 5) USinlaw: damn i sold a corruption orb
(62:27 / 5) USinlaw: just to grab that one
(62:32 / 5) USinlaw: and we have no source of corruption orbs now
(62:59 / 5) USinlaw: gonna zepp those ados
(63:05 / 5) USinlaw: wasnt looking
(64:07 / 7) bookstatus: the elf has his chippo back
(64:14 / 7) bookstatus: still no starfall
(64:28 / All) 0ttawaSenators: HEY RED
(64:31 / All) 0ttawaSenators: HOW OLD ARE YOU
(64:35 / All) 0ttawaSenators: JUSTWONDERING
(64:50 / Allies) USinlaw: take a guess
(64:58 / All) IDONTGIVEAFCUK: lmao im just waiting for hunger games to finish dling
(64:58 / All) 0ttawaSenators: FUCK YOU
(65:05 / 5) USinlaw: fuck my bad
(65:07 / All) 0ttawaSenators: THIS POOR KID
(65:14 / 5) USinlaw: i wanted to soak the doom xp
(65:32 / 7) bookstatus: under different circumstances that would have been very skillful
(65:46 / 5) USinlaw: im gonna sapper
(65:47 / 5) USinlaw: his expo upstairs
(65:50 / 5) USinlaw: watch
(65:51 / Allies) 0ttawaSenators: HIT UP TOP NOW
(66:01 / 7) bookstatus: lol
(66:16 / All) 0ttawaSenators: GO PIKN
(66:19 / Allies) 0ttawaSenators: MICRO THAT SHIT MAN
(66:24 / All) 0ttawaSenators: MICRO THAT SHIT MAN
(66:34 / All) 0ttawaSenators: GET OUT NOW
(66:36 / All) 0ttawaSenators: GET OUT
(66:38 / All) 0ttawaSenators: GET OUT
(67:11 / All) 0ttawaSenators: GUYS LISTEN
(67:13 / All) USinlaw: do u guys like td?
(67:19 / Allies) 0ttawaSenators: GO THROUGH THE MIDDLE
(67:24 / All) USinlaw: personally i like td but i find the AI a little uninspired
(67:26 / Allies) 0ttawaSenators: MOVE TO THE TOP OF THE MAP
(67:39 / Allies) 0ttawaSenators: RED HAS 3 TANKS AND 2 TOWERS AT HIS MAN
(67:52 / All) 0ttawaSenators: HE WILL BE THE FIRST BASE ON THE TOP
(67:57 / All) 0ttawaSenators: GREEN IS SECOND
(68:03 / All) 0ttawaSenators: THE BASES ON THE BOTTOM HAVE NOTIHNG
(68:14 / All) 0ttawaSenators: BUT IF UR GONNA HIT GO THROUGH THE IDDLE
(68:20 / All) 0ttawaSenators: NOTHIN THING
(68:22 / All) 0ttawaSenators: THERE
(68:42 / All) 0ttawaSenators: ACK OUT YELOW
(68:43 / Allies) 0ttawaSenators: BACK
(68:45 / All) 0ttawaSenators: bACK OUT
(68:46 / Allies) 0ttawaSenators: YELLOW
(68:52 / All) 0ttawaSenators: TAKE UR HERO OUT
(68:52 / 5) USinlaw: aw
(68:58 / All) 0ttawaSenators: THER INVISE
(69:10 / All) 0ttawaSenators: U CANT SEE THEM BUT THERE WAITING FOR UR HEALTH 2 GO DOWN
(69:20 / All) 0ttawaSenators: THERE AROUND UR HERO URIGHTN OW
(69:23 / 5) USinlaw: come peck at him
(69:28 / All) IDONTGIVEAFCUK: ;ol
(69:36 / All) 0ttawaSenators: GET DUST
(69:37 / All) IDONTGIVEAFCUK: did that hurt them
(69:43 / All) 0ttawaSenators: YES
(69:46 / All) 0ttawaSenators: ALL 3
(69:51 / Allies) 0ttawaSenators: AGAIN
(70:09 / All) 0ttawaSenators: haha
(70:17 / All) IDONTGIVEAFCUK: like roaches
(70:40 / 5) USinlaw: those fed ass heros
(70:42 / All) 0ttawaSenators: THER INVISE
(70:43 / All) 0ttawaSenators: CAREFUL
(70:56 / All) 0ttawaSenators: ALL THERE HEROS
(71:02 / All) 0ttawaSenators: BUT THERE ONLY 3 RIGFHT NOW
(71:12 / All) 0ttawaSenators: PINK
(71:16 / Allies) 0ttawaSenators: GO THROUGH THE MIDDLE MAN
(71:23 / All) 0ttawaSenators: PINK
(71:27 / All) 0ttawaSenators: GO THROUGH THE MIDDLE MAN
(71:30 / All) 0ttawaSenators: IM TELLING U
(72:18 / All) 0ttawaSenators: PIKN
(72:21 / 5) USinlaw: can us top him at top
(72:24 / All) 0ttawaSenators: GO THROUGH THE MIDDLE MAN
(72:26 / All) 0ttawaSenators: IM TELLING U
(72:31 / All) 0ttawaSenators: CUT THROUGH
(72:43 / Allies) USinlaw: pretty sure that is impassable terrain
(73:01 / All) 0ttawaSenators: SHUT UP FAG
(73:15 / 7) bookstatus: 3 nuke heros vs my aoe heros
(73:16 / All) 0ttawaSenators: BLUE
(73:24 / 5) USinlaw: 6 aoe heros coudl do it but i dont wann aleave bot
(73:30 / All) 0ttawaSenators: U GUYS ALL FUCKEN SUCK
(73:32 / All) 0ttawaSenators: SERUOUSLT
(73:39 / All) 0ttawaSenators: WHAT THE FUCK ARE U FAGS DDOING
(73:41 / All) 0ttawaSenators: LISTEN TO ME
(73:42 / Allies) USinlaw: what happened to all your fiends teal?
(73:45 / All) IDONTGIVEAFCUK: lol
(73:51 / All) 0ttawaSenators: SHUT UP FAG
(73:52 / All) IDONTGIVEAFCUK: all i gots a hero bro
(73:56 / All) 0ttawaSenators: WHAT HAPPEND UR TO UR LIFE
(74:02 / All) 0ttawaSenators: HOW MANY FIRENDS DO U HAVE
(74:17 / All) 0ttawaSenators: BLUE TELL THESE FAGS WHAT TO DO
(74:21 / All) 0ttawaSenators: THEY AHVE NOTHINGF BUT HEROS
(74:24 / All) IDONTGIVEAFCUK: i cant man
(74:26 / All) 0ttawaSenators: GO TAKE HTERE MAINS OUT
(74:27 / All) IDONTGIVEAFCUK: all i gots a hero
(74:31 / All) 0ttawaSenators: GO THOUGH THE MIDDLE
(74:33 / All) 0ttawaSenators: AND MOVE YP
(74:38 / All) 0ttawaSenators: EXPAND
(74:41 / All) 0ttawaSenators: ON UR FUCEKN MINES
(74:48 / Allies) 0ttawaSenators: THEY HAVE NOTHING THERE
(74:53 / All) 0ttawaSenators: THEY HAVE NOTHINFG THERE
(74:56 / All) USinlaw: if they just played defense theyd be set
(74:56 / All) USinlaw: we have nothing
(75:02 / All) 0ttawaSenators: SHUT UP FAG
(75:04 / All) USinlaw: but all their power hers are pecking towers
(75:38 / All) 0ttawaSenators: YELLOW
(75:39 / 5) USinlaw: lets get lich
(75:47 / Allies) 0ttawaSenators: BLUE
(75:48 / Allies) 0ttawaSenators: STOP RIGHT NOW
(76:00 / All) 0ttawaSenators: yes lol
(76:01 / All) 0ttawaSenators: fag
(76:02 / All) 0ttawaSenators: red
(76:03 / All) 0ttawaSenators: haha
(76:12 / All) USinlaw: good trade
(76:16 / All) 0ttawaSenators: HES MAKING HIS SHIT HERO RIGHT NOW
(76:43 / All) 0ttawaSenators: FUCKEN LOSERS MAN
(76:47 / 7) bookstatus: i havent been following this guys train of thaought at all
(76:49 / All) IDONTGIVEAFCUK: haha teal
(76:53 / All) IDONTGIVEAFCUK: i feel ya man
(76:57 / All) 0ttawaSenators: I CANT BELEIVE IM STILL HER
(76:58 / All) IDONTGIVEAFCUK: but im not gonna lose to these faggots
(76:59 / 7) bookstatus: im guessing hes mad we didnt giev him gold like an hour ago
(77:01 / All) 0ttawaSenators: I WANAN SEEA END TO THIS
(77:06 / All) 0ttawaSenators: YA FUCKEM
(77:10 / 5) USinlaw: yea
(77:10 / All) 0ttawaSenators: GUYS ARE TO MUCH
(77:13 / All) 0ttawaSenators: THEY DONT EVEN TALK
(77:19 / All) 0ttawaSenators: THERE NOT COOL PEOPLE
(77:24 / All) IDONTGIVEAFCUK: i know
(77:26 / All) 0ttawaSenators: DONT SHARE GOLD
(77:27 / All) IDONTGIVEAFCUK: i already know
(77:30 / All) 0ttawaSenators: FUCKEN JEWS
(77:36 / All) 0ttawaSenators: HA
(77:38 / All) 0ttawaSenators: JEWS
(77:40 / All) USinlaw: this guy is a typical canadian socialist
(77:43 / All) USinlaw: begging for a handout
(77:45 / All) 0ttawaSenators: HOLDING EACH OTHER DICKS
(77:47 / All) USinlaw: wants higher salary than hes worth
(77:48 / All) 0ttawaSenators: HANDOUTS
(78:00 / All) 0ttawaSenators: UR COUNTRY IS GOING BANKRUP
(78:02 / All) 0ttawaSenators: NOT MINES
(78:34 / All) 0ttawaSenators: LOL
(78:36 / Allies) 0ttawaSenators: STUPID
(78:39 / All) 0ttawaSenators: dUMMY
(78:41 / All) 0ttawaSenators: PINK
(78:44 / All) 0ttawaSenators: UR HORRABLE
(78:46 / All) 0ttawaSenators: AND U DONT TALK
(78:50 / All) 0ttawaSenators: MAKES U DUMMER
(78:53 / All) 0ttawaSenators: AS A HOLE
(79:03 / All) IDONTGIVEAFCUK: lol
(79:10 / All) 0ttawaSenators: FUCKEN PEOPLE ON HERE
(79:11 / All) USinlaw: we told you guys what you have to do to win
(79:15 / All) USinlaw: jsut wait til tomorrow morning
(79:17 / All) 0ttawaSenators: ID LIKE TO SEE SOME OF THESE PEOPLE PERSONALY
(79:22 / All) IDONTGIVEAFCUK: haha teal
(79:28 / All) 0ttawaSenators: ONLY U WOULD HAVE TIME FOR THAT RED
(79:32 / All) 0ttawaSenators: FUCKEN GIMP
(79:35 / 5) USinlaw: im a slightly pudgy pale guy with an oversized hockey jersey on
(79:37 / All) IDONTGIVEAFCUK: lolz
(79:38 / All) 0ttawaSenators: SITTING WITH UR DICK IN UR HAND
(79:38 / 5) USinlaw: wholops
(79:41 / All) IDONTGIVEAFCUK: this is hilarious
(79:47 / 5) USinlaw: meant to say that in tema
(79:48 / 7) bookstatus: lol
(79:52 / All) 0ttawaSenators: ILL TELL U WHAT RED IS
(79:54 / All) 0ttawaSenators: AS A PERSON
(80:01 / All) 0ttawaSenators: TRANSLATE THIS TO REAL LIFE
(80:04 / All) 0ttawaSenators: PRB A PERSON
(80:09 / All) 0ttawaSenators: WHO HASNT HAD ANYTHING IN LIFE
(80:18 / All) 0ttawaSenators: NO FRIENDS NOTHING TO BE HAPY ABOUT
(80:24 / All) IDONTGIVEAFCUK: lolllll
(80:24 / All) 0ttawaSenators: SO HE HAS TO TOWER
(80:27 / All) 0ttawaSenators: TO FEEL BETTER
(80:31 / All) 0ttawaSenators: LIKE HES BETTER THEN EVERYONE ELSRE
(80:36 / All) 0ttawaSenators: HOWS THAT SOUND RED?
(80:36 / All) IDONTGIVEAFCUK: sounds about right
(80:39 / All) 0ttawaSenators: HA LOL
(80:41 / All) 0ttawaSenators: I TIHNK SO
(80:45 / All) 0ttawaSenators: GREEN TO
(80:47 / All) 0ttawaSenators: HE DOESNT GET A PASS
(80:49 / All) 0ttawaSenators: HES WORSE
(80:51 / All) 0ttawaSenators: d
(80:55 / 7) bookstatus: maybe i should say that
(80:55 / All) 0ttawaSenators: FUCKEN SUCKS ANYWAYS
(80:59 / All) IDONTGIVEAFCUK: thank u jesus
(80:59 / Allies) 0ttawaSenators: b
(81:01 / All) 0ttawaSenators: bLUE
(81:04 / All) 0ttawaSenators: TAKE HIS SHIT
(81:07 / All) 0ttawaSenators: WHAT DOES HE HAVE
(81:19 / All) IDONTGIVEAFCUK: shitload of chims
(81:22 / All) 0ttawaSenators: K LISTEN
(81:26 / Allies) 0ttawaSenators: THE OUTSIDE MINE
(81:28 / All) IDONTGIVEAFCUK: been wiating to get my hands on these
(81:31 / All) 0ttawaSenators: TAKE THEM RIGHT NOW
(81:35 / All) 0ttawaSenators: TO THE MINE ON THE HILL
(81:38 / All) 0ttawaSenators: ON THE TOP
(81:41 / All) 0ttawaSenators: 3 HEROS
(81:51 / All) 0ttawaSenators: NOT ANYMORE
(82:09 / 5) USinlaw: i always get a dragon in the end of this game
(82:13 / 5) USinlaw: and all it does is own my melee hero
(82:18 / All) 0ttawaSenators: WHY HAVNT UR DUM FUCKEN TEAM
(82:23 / Allies) 0ttawaSenators: EXPANED ON THE HILL?
(82:27 / All) 0ttawaSenators: EXPANDED ON THE HILL?
(82:29 / 5) USinlaw: inc top
(82:37 / All) IDONTGIVEAFCUK: idk
(82:44 / All) 0ttawaSenators: CANT BELEIVE IT
(83:00 / Allies) 0ttawaSenators: HREOS
(83:21 / All) 0ttawaSenators: HAHA
(83:22 / All) 0ttawaSenators: fagsd
(83:23 / All) 0ttawaSenators: NICE
(84:02 / Allies) 0ttawaSenators: GO HEAL TEAMN BLUE
(84:20 / 5) USinlaw: should we get gryphs now?
(84:21 / Allies) 0ttawaSenators: TAKE THEM THROUGH THE MIDDLE
(84:22 / Allies) 0ttawaSenators: PELASE
(84:29 / Allies) 0ttawaSenators: BRING UR HEROS
(84:34 / Allies) 0ttawaSenators: WITH A ZEPPLIN
(84:38 / Allies) 0ttawaSenators: T
(84:41 / All) 0ttawaSenators: TAKE OUT HERE MAINES
(84:47 / All) 0ttawaSenators: WITH A ZEPPLIN BRING UR HEROS
(85:05 / 5) USinlaw: doom every cooldown
(85:35 / 5) USinlaw: dblbarrels has 3k banked
(85:40 / 5) USinlaw: fuck
(85:42 / 5) USinlaw: wanst looking
(86:34 / All) 0ttawaSenators: U GUYS ARE HORRABLE THOUGH
(86:38 / All) 0ttawaSenators: I GOTTA GO IN 2 MIN
(86:43 / All) 0ttawaSenators: IM SICK WITH WHAT I SAW
(86:48 / All) 0ttawaSenators: RED
(86:52 / All) 0ttawaSenators: U CANT SAY ANYTHING CAN U
(86:55 / All) 0ttawaSenators: UR A DUMMY
(86:56 / All) 0ttawaSenators: GREEN
(87:01 / All) 0ttawaSenators: UR HIS LITTLE BITHC
(87:04 / 5) USinlaw: yeah say soemthing in a foreign language
(88:01 / All) 0ttawaSenators: THAT DID NOTHING
(88:52 / All) 0ttawaSenators: FUCKE NHORRBALE
(89:00 / All) 0ttawaSenators: THIS IS LIKE THE DUMMYEST DOTA IVE EVER SEEN
(89:01 / All) 0ttawaSenators: RED
(89:03 / All) 0ttawaSenators: RED
(89:04 / All) 0ttawaSenators: RED
(89:05 / All) 0ttawaSenators: RED
(89:06 / All) 0ttawaSenators: RED
(89:08 / All) USinlaw: dota only has one unit
(89:11 / All) USinlaw: its much dumber than this
(89:12 / All) 0ttawaSenators: I HAVE A QUESTION
(89:23 / All) 0ttawaSenators: HOW CLOSE WAS I ABOUT UR LIFE
(89:28 / All) 0ttawaSenators: ? SERIOUSLY
(89:31 / All) 0ttawaSenators: PLEASE TELL ME
(89:46 / All) 0ttawaSenators: RED
(89:50 / All) USinlaw: im actually at the beach right now
(89:53 / All) 0ttawaSenators: HOW CLOSE WAS I ABOUT UR LIFE
(90:02 / All) IDONTGIVEAFCUK: he aint said shit yet
(90:11 / All) 0ttawaSenators: YA U GETTING SAND IN UR PUSSY
(90:13 / All) 0ttawaSenators: FUCKEN JEW
(90:27 / All) 0ttawaSenators: bang on
(90:46 / All) 0ttawaSenators: anyways listen
(90:54 / All) 0ttawaSenators: red has 11124 gold
(91:03 / Allies) 0ttawaSenators: green has 13195
(91:13 / All) 0ttawaSenators: all there expands are closed no more gold
(91:19 / All) 0ttawaSenators: green has 1300
(91:28 / Allies) 0ttawaSenators: there movign into ur base right now
(91:38 / All) 0ttawaSenators: ther moing into ur base blue
(91:43 / All) 0ttawaSenators: right now
(91:45 / All) 0ttawaSenators: almost in there
(91:53 / All) 0ttawaSenators: ther sitting inside
(91:57 / All) IDONTGIVEAFCUK: nothing i can do
(91:58 / All) 0ttawaSenators: moing 2 yellow
(92:08 / All) 0ttawaSenators: moing in orange
(92:29 / All) USinlaw: he lied
(92:46 / 5) USinlaw: that dragon...
(94:08 / All) 0ttawaSenators: blue
(94:14 / All) IDONTGIVEAFCUK: yo
(94:18 / All) 0ttawaSenators: add me up
(94:23 / All) IDONTGIVEAFCUK: fosho
(94:27 / All) 0ttawaSenators: will rt search in the future
(94:30 / All) IDONTGIVEAFCUK: u leaving?
(94:33 / All) USinlaw: and you can feed him fiends again
(94:34 / All) USinlaw: lmao
(94:36 / All) 0ttawaSenators: YA MAN
(94:40 / Allies) 0ttawaSenators: red
(94:42 / All) IDONTGIVEAFCUK: lol
(94:45 / All) 0ttawaSenators: red ur a fucekn loser
(94:47 / All) 0ttawaSenators: please
(96:41 / All) IDONTGIVEAFCUK: that doom is some powerful shit
(97:00 / Allies) USinlaw: time ot raid that thing
(97:06 / 7) bookstatus: what thing
(97:09 / Allies) USinlaw: his expo
(97:40 / Allies) USinlaw: lets go
(98:09 / Allies) USinlaw: focus the dragon first
(98:11 / Allies) USinlaw: ?
(99:13 / Allies) USinlaw: they will quit now i bet
(99:22 / Allies) USinlaw: should we break food?
(99:46 / 7) bookstatus: sure i guess
(99:57 / 7) bookstatus: im breaking
(100:25 / Allies) USinlaw: let teh chims alone til we are full food
(101:12 / 7) bookstatus: i dont remember sending those tanks there
(101:18 / Allies) USinlaw: i did
(101:23 / Allies) USinlaw: do u want those alive
(101:27 / 7) bookstatus: no
(102:10 / All) USinlaw: well now, we cant allow that
(102:15 / All) USinlaw: im using that base
(102:21 / All) IDONTGIVEAFCUK: holy
(102:25 / All) IDONTGIVEAFCUK: why are u guys still playing
(102:31 / All) USinlaw: LOL
(102:34 / All) bookstatus: LOL
(102:38 / All) USinlaw: LOOOOOOOOOOOOOOOL
(102:45 / All) bookstatus: ROFL
(102:48 / All) USinlaw: LMAO
(103:07 / All) USinlaw: U PLAYED 3 HOURS TO DIE LIKE THIS?
(103:45 / Allies) USinlaw: lol he has 2400 still
(103:51 / 7) bookstatus: i think hes afk
(103:58 / Allies) USinlaw: lets do his base last